 Dungeon Crawl Stone Soup version 0.16.1-30-g34a7ffa (webtiles) character file.

50719 Jb9000 the Covert (level 14, -4/77 HPs)
             Began as a Gargoyle Fighter on June 27, 2015.
             Was the Champion of Dithmenos.
             Slain by a stone giant (26 damage)
             ... on level 4 of the Orcish Mines.
             The game lasted 03:49:30 (24977 turns).

Jb9000 the Covert (Gargoyle Fighter)               Turns: 24977, Time: 03:49:30

Health: -4/77      AC: 36    Str: 22    XL:     14   Next: 56%
Magic:  26/30      EV: 21    Int: 12    God:    Dithmenos [******]
Gold:   937        SH:  0    Dex: 17    Spells: 6 memorised, 12 levels left

rFire  . . .     SeeInvis .     n - +2 flail (protect)
rCold  . . .     Clarity  +     Y - +1 troll leather armour
rNeg   + . .     SustAb   .     (no shield)
rPois  ∞         Gourm    .     N - +2 hat {MR+}
rElec  +         Spirit   .     V - +1 cloak
rCorr  .         Warding  .     p - +2 pair of gloves
rMut   .         Stasis   .     O - +2 pair of boots
MR     ++...                    (no amulet)
Stlth  ++++++++++               Q - +1 ring of protection
                                f - +3 ring of dexterity

@: agile, wreathed by umbra, drained, very resistant to hostile enchantments,
uncannily stealthy
A: able to fly continuously, big wings, horns 1, thin metallic scales 2,
clarity, frail 1, high mp 1, negative energy resistance 1, electricity
resistance, unbreathing, petrification resistance, rot immunity, forlorn,
MP-powered wands 1, AC +9
a: Fly, Shadow Step, Shadow Form, Renounce Religion


You were on level 4 of the Orcish Mines.
You worshipped Dithmenos.
Dithmenos was exalted by your worship.
You were not hungry.

You visited 3 branches of the dungeon, and saw 20 of its levels.
You also visited: Labyrinth, Sewer and Ossuary.

You collected 2329 gold pieces.
You spent 1342 gold pieces at shops.

Inventory:

Hand weapons
 n - a +2 flail of protection (weapon)
 o - a +4 flail of holy wrath
 r - a +0 blowgun
 x - the -2 long sword of Infinity {slice, +Inv MP-9 Dex+7}
   (You bought it in a shop on level 14 of the Dungeon)

   It inflicts extra damage upon your enemies.
   It affects your dexterity (+7).
   It affects your magic capacity (-9).
   It lets you turn invisible.
 G - the +7 longbow "Piercer" {penet, EV-2}
   (You took it off a minotaur in a labyrinth)

   Ammo fired by it will pass through the targets it hits, potentially hitting
   all targets in its path until it reaches maximum range.
   It affects your evasion (-2).
Missiles
 t - 9 arrows of frost
 B - 19 poisoned arrows
 C - 5 curare-tipped needles
 I - 8 tomahawks (quivered)
 L - 187 arrows
Armour
 b - the +2 robe of Noon {-Cast rElec rN+ MP+9}
   (You found it on level 15 of the Dungeon)

   It insulates you from electricity.
   It protects you from negative energy.
   It affects your magic capacity (+9).
   It prevents spellcasting.
 p - a +2 pair of gloves (worn)
 E - a +2 scale mail of fire resistance
 N - a +2 hat of magic resistance (worn)
 O - a +2 pair of boots (worn)
 V - a +1 cloak (worn)
 Y - a +1 troll leather armour (worn)
Jewellery
 f - a +3 ring of dexterity (left hand)
 D - an uncursed ring of protection from fire
 P - an uncursed ring of teleport control
 Q - a +1 ring of protection (right hand)
Magical devices
 l - a wand of lightning (12)
 q - a wand of confusion (30)
 s - a wand of teleportation (5)
 A - a wand of paralysis (17)
 J - a wand of paralysis (8)
 K - a wand of digging (22)
 W - a wand of lightning (3)
Scrolls
 j - 3 scrolls of remove curse
 k - 4 scrolls of identify
 m - 3 scrolls of blinking
 w - 3 scrolls of fear
 z - a scroll of amnesia
 F - 2 scrolls of teleportation
Potions
 e - 2 potions of might
 g - a potion of haste
 v - 5 potions of magic
 R - a potion of agility
 S - a potion of invisibility
 T - a potion of restore abilities
Books
 c - Dapecwucs' Almanac of Damage Dealing
   (You found it in a labyrinth)

   Spells                             Type                      Level
   a - Shock                          Conjuration/Air              1
   b - Static Discharge               Conjuration/Air              3
   c - Throw Icicle                   Conjuration/Ice              4
   d - Freezing Cloud                 Conjuration/Ice/Air          6
 h - a Necronomicon {highlevel}

   This book is beyond your current level of understanding.

   Spells                             Type                      Level
   a - Haunt                          Necromancy/Summoning         7
   b - Borgnjor's Revivification      Necromancy                   8
   c - Death's Door                   Charms/Necromancy            8
   d - Necromutation                  Transmutation/Necromancy     8
 u - a book of the Earth

   Spells                             Type                      Level
   a - Leda's Liquefaction            Hexes/Earth                  4
   b - Bolt of Magma                  Conjuration/Fire/Earth       5
   c - Statue Form                    Transmutation/Earth          6
   d - Iron Shot                      Conjuration/Earth            6
   e - Shatter                        Earth                        9
 y - a book of Death

   Spells                             Type                      Level
   a - Corpse Rot                     Necromancy                   2
   b - Sublimation of Blood           Necromancy                   2
   c - Agony                          Necromancy                   5
   d - Dispel Undead                  Necromancy                   5
   e - Excruciating Wounds            Charms/Necromancy            5
   f - Bolt of Draining               Conjuration/Necromancy       5
 H - a book of Conjurations

   Spells                             Type                      Level
   a - Magic Dart                     Conjuration                  1
   b - Searing Ray                    Conjuration                  2
   c - Dazzling Spray                 Conjuration/Hexes            3
   d - Fulminant Prism                Conjuration/Hexes            4
   e - Iskenderun's Mystic Blast      Conjuration                  4
   f - Iskenderun's Battlesphere      Conjuration/Charms           5
Miscellaneous
 a - a plain deck of wonders {drawn: 2}
 M - a crystal ball of energy
 U - a box of beasts {used: 2}
 X - a stone of tremors
 Z - a plain deck of changes {drawn: 1}
Comestibles
 d - 9 bread rations
 i - 9 chunks of flesh


   Skills:
 + Level 9.1(9.0) Fighting
 * Level 1.7(1.6) Long Blades
 + Level 7.9(7.8) Maces & Flails
 + Level 7.9(7.8) Bows
 - Level 2.2(2.1) Throwing
 + Level 9.3(9.1) Armour
 + Level 6.5(6.3) Dodging
 + Level 11.9(11.8) Stealth
   Level 7.6(7.5) Shields
 + Level 6.8(6.7) Spellcasting
 + Level 5.9(5.8) Conjurations
 + Level 2.9(2.8) Hexes
 + Level 2.8(2.7) Air Magic
 - Level 5.6(5.4) Invocations
 + Level 6.7(6.5) Evocations


You had 12 spell levels left.
You knew the following spells:

 Your Spells              Type           Power        Failure   Level  Hunger
a - Magic Dart            Conj           ###.         1%          1    None
b - Shock                 Conj/Air       ##..         4%          1    None
c - Searing Ray           Conj           ###...       2%          2    #......
d - Dazzling Spray        Conj/Hex       ##......     12%         3    ###....
e - Static Discharge      Conj/Air       ##......     12%         3    ###....
f - Iskenderun's Mystic   Conj           ###.....     17%         4    ####...


Dungeon Overview and Level Annotations

Branches:
Dungeon (15/15)            Temple (0/1) D:5            Lair (0/8) D:10
    Orc (4/4) D:11            Elf (0/3) Orc:3        Vaults (0/5) D:14
 Depths (1/5) D:15

Altars:
Cheibriados
Dithmenos
Nemelex Xobeh
Okawaru
Qazlal
Ru
Vehumet
Xom
The Shining One
Jiyva

Shops:
D:10 **   D:11 ?   D:14 (   Orc:1 %   Orc:3 =

Annotations:
D:4 Prince Ribbit
Depths:1 Nikola


Innate Abilities, Weirdness & Mutations

You are resistant to torment.
You are immune to poison.
You can fly continuously.
Your stone body is very resilient (AC +9).
Your wings are large and strong.
You resist negative energy.
You are resistant to electric shocks.
You can survive without breathing.
You are immune to petrification.
You are immune to rotting.
You have a pair of small horns on your head.
You are mostly covered in thin metallic scales (AC +3).
You possess an exceptional clarity of mind.
You are frail (-10% HP).
You have an increased reservoir of magic (+10% MP).
You have difficulty communicating with the divine.
You expend magic power (3 MP) to slightly strengthen your wands.


Message History

You hit the stone giant but do no damage.
You headbutt the stone giant, but do no damage.
The stone giant is heavily wounded.
The stone giant closely misses you.
You sock the stone giant!
The stone giant is severely wounded.
The stone giant hits you!
* * * LOW HITPOINT WARNING * * *
You thump the stone giant! You headbutt the stone giant.
The stone giant is almost dead.
Your shadow hits the stone giant but does no damage.
The stone giant hits you but does no damage.
You sock the stone giant! Your headbutt misses the stone giant.
The stone giant is almost dead.
The stone giant hits you but does no damage.
You hit the stone giant.
The stone giant is almost dead.
Your shadow hits the stone giant but does no damage.
The stone giant hits you!!
You die...

# #........#
8.#..h....)####
(.).8.(.......##
O..'......#.....##
..o')8...####.)#.##
#8.#(...#.###.#...#
##.......#..)).##
#...†...).#.)))##
##.....#(.)C@).)(##
#####.........#####...#
...........()##...##.##
..........)..#.....#..#
......#....#)#..8..#..#
.............#.....'.##
.............##...##[.#
....#)........#####...#
..<<)...)............##


You could see a stone giant.

Vanquished Creatures
  A vault guard (D:14)
  A minotaur (Lab)
  2 ettins (D:12)
  2 hydras
  A catoblepas (D:14)
  Erica (D:12)
  5 centaur warriors
  Nergalle (D:13)
  4 skeletal warriors (D:14)
  An unseen horror (D:14)
  8 hill giants
  An orc knight (Orc:3)
  4 orc sorcerers
  A shining eye (shapeshifter) (D:15)
  3 cyclopes
  7 ugly things
  2 griffons
  A wolf spider (D:15)
  2 manticores (D:15)
  A salamander (D:15)
  4 centaur zombies
  Joseph (D:7)
  The ghost of Razmath the Skirmisher, an experienced VSMo of Cheibriados (D:6)
  2 kobold demonologists
  2 komodo dragons (D:14)
  7 slime creatures (D:15)
  3 two-headed ogres
  6 trolls
  A hornet zombie (D:13)
  A boulder beetle (D:12)
  2 deep elf magi
  A trapdoor spider (Lab)
  A trapdoor spider zombie (D:13)
  16 yaks
  A basilisk (shapeshifter) (D:13)
  4 shadows
  3 wraiths
  A centaur simulacrum (D:12)
  11 vampire mosquitoes
  A wyvern (D:8)
  5 hippogriffs
  2 deep elf fighters
  5 mottled dragons
  2 wolves (Orc:1)
  A soldier ant (D:14)
  8 wargs
  15 orc warriors
  2 black bears
  4 boggarts (D:15)
  4 ice beasts
  Purgy (D:4)
  9 sky beasts
  2 phantoms
  A wasp (D:12)
  8 ogres
  12 centaurs
  3 big kobolds
  5 giant frogs
  A brain worm (D:12)
  2 wyvern zombies
  10 scorpions
  8 killer bees
  10 wights
  4 crimson imps
  An iron imp (D:13)
  8 hounds
  2 goliath beetles
  2 giant frog zombies
  A quasit (D:8)
  6 centaur skeletons
  22 orc priests
  6 jellies
  A giant frog skeleton (D:8)
  3 iguanas
  28 orc wizards
  13 worker ants
  A killer bee zombie (D:6)
  2 ogre skeletons (Lab)
  3 hound zombies
  A hound skeleton (D:10)
  2 worker ant zombies
  3 mummies
  A gnoll (D:1)
  A river rat (Sewer)
  19 adders
  3 shadow imps
  2 giant mites
  5 worms (D:3)
  An adder skeleton (D:7)
  7 giant geckos
  6 oozes
  110 orcs
  8 ball pythons
  13 bats
  4 giant cockroaches
  5 gnoll zombies (Ossuary)
  16 hobgoblins
  19 jackals
  31 kobolds
  3 quokkas
  13 giant newts
  4 giant spores
  4 gnoll skeletons (Ossuary)
  20 goblins
  3 goblin skeletons (Ossuary)
  4 goblin zombies (Ossuary)
  A hobgoblin zombie (Ossuary)
  A jackal skeleton (D:7)
  5 kobold skeletons (Ossuary)
  2 kobold zombies (Ossuary)
  8 orc zombies
  A quokka zombie (D:4)
  19 rats
  2 rat skeletons (Ossuary)
  2 rat zombies
  10 ballistomycetes
700 creatures vanquished.

Vanquished Creatures (collateral kills)
  An unseen horror (D:12)
  A spectral orc (D:13)
2 creatures vanquished.

Vanquished Creatures (others)
  2 chimeras
  Menkaure (Ossuary)
  A water moccasin (shapeshifter) (D:12)
  3 mummies (Ossuary)
  2 giant spores (D:13)
  3 gnoll skeletons (Ossuary)
  2 gnoll zombies (Ossuary)
  2 goblin skeletons (Ossuary)
  A goblin zombie (Ossuary)
  2 hobgoblin skeletons (Ossuary)
  A hobgoblin zombie (Ossuary)
  2 kobold skeletons (Ossuary)
  An orc skeleton (Ossuary)
  An orc zombie (Ossuary)
  A rat skeleton (Ossuary)
  4 rat zombies (Ossuary)
  2 ballistomycetes
31 creatures vanquished.

Grand Total: 733 creatures vanquished

Notes
Turn   | Place    | Note
--------------------------------------------------------------
     0 | D:1      | Jb9000, the Gargoyle Fighter, began the quest for the Orb.
     0 | D:1      | Reached XP level 1. HP: 14/14 MP: 1/1
   106 | D:1      | Reached XP level 2. HP: 13/19 MP: 2/2
   242 | D:1      | Reached skill level 1 in Dodging
   325 | D:1      | Reached XP level 3. HP: 21/23 MP: 3/3
   677 | D:2      | Reached skill level 1 in Spellcasting
   827 | D:2      | Found a radiant altar of Vehumet.
   829 | D:2      | Found a shadowy altar of Dithmenos.
   836 | D:2      | Found a sacrificial altar of Ru.
   839 | D:2      | Found a snail-covered altar of Cheibriados.
   853 | D:2      | Became a worshipper of Dithmenos the Shadowed
   987 | D:2      | Reached XP level 4. HP: 28/28 MP: 5/5
  1049 | D:2      | Reached skill level 1 in Stealth
  1809 | D:3      | Found a stormy altar of Qazlal.
  2073 | D:3      | Reached XP level 5. HP: 25/32 MP: 7/7
  2146 | D:3      | Found a glowing drain.
  2159 | Sewer    | Entered a sewer
  2801 | D:3      | Reached skill level 4 in Armour
  3074 | D:4      | Reached XP level 6. HP: 38/38 MP: 9/9
  3453 | D:4      | Found a sand-covered staircase.
  3481 | Ossuary  | Entered an ossuary
  3499 | Ossuary  | Acquired Dithmenos' first power
  3518 | Ossuary  | Killed Menkaure
  4157 | D:4      | Reached skill level 1 in Evocations
  4157 | D:4      | Reached XP level 7. HP: 39/43 MP: 12/12
  4189 | D:4      | Noticed Purgy
  4223 | D:4      | Killed Purgy
  4490 | D:4      | Noticed Prince Ribbit
  4681 | D:5      | Entered Level 5 of the Dungeon
  4681 | D:5      | Found a glowing golden altar of the Shining One.
  4705 | D:5      | Found a viscous altar of Jiyva.
  4716 | D:5      | Reached skill level 1 in Invocations
  4842 | D:5      | Acquired Dithmenos' second power
  5160 | D:5      | Reached skill level 5 in Shields
  5160 | D:5      | Reached XP level 8. HP: 48/48 MP: 14/14
  5383 | D:5      | Found a staircase to the Ecumenical Temple.
  5530 | D:5      | Reached skill level 1 in Throwing
  5530 | D:5      | Reached skill level 5 in Stealth
  5996 | D:5      | Reached skill level 5 in Armour
  6120 | D:6      | Gained mutation: Armour fits poorly on your strangely shaped body. [mutagenic meat]
  6343 | D:6      | Found an iron altar of Okawaru.
  6538 | D:6      | Reached skill level 5 in Fighting
  6621 | D:6      | Reached XP level 9. HP: 54/54 MP: 16/16
  6717 | D:6      | Noticed Razmath's ghost (experienced VSMo)
  6739 | D:6      | Killed Razmath's ghost
  6739 | D:6      | Reached skill level 6 in Stealth
  7756 | D:7      | Gained mutation: You have a pair of small horns on your head. [mutagenic meat]
  7757 | D:7      | Gained mutation: You possess an exceptional clarity of mind. [mutagenic meat]
  8110 | D:7      | Acquired Dithmenos' third power
  8186 | D:7      | Noticed Joseph
  8215 | D:7      | Killed Joseph
  8215 | D:7      | Reached skill level 7 in Stealth
  8215 | D:7      | Reached XP level 10. HP: 33/60 MP: 19/19
 10018 | D:9      | Reached skill level 8 in Stealth
 10194 | D:9      | Found a sparkling altar of Nemelex Xobeh.
 11158 | D:10     | Entered Level 10 of the Dungeon
 11172 | D:10     | Reached skill level 5 in Maces & Flails
 11281 | D:10     | Reached skill level 1 in Bows
 11506 | D:10     | Found a staircase to the Lair.
 11539 | D:10     | Found Ruabua's General Store.
 11585 | D:10     | Reached XP level 11. HP: 39/64 MP: 22/22
 11734 | D:10     | Bought a potion of invisibility for 112 gold pieces
 11734 | D:10     | Bought a potion of restore abilities for 70 gold pieces
 11734 | D:10     | Bought a box of beasts for 280 gold pieces
 11736 | D:10     | Bought a scroll of identify for 28 gold pieces
 11736 | D:10     | Bought a +0 cloak for 63 gold pieces
 12164 | D:10     | Acquired Dithmenos' fourth power
 12332 | D:10     | Noticed a hill giant
 12352 | D:10     | Killed a hill giant
 12591 | D:10     | Found Pusumu's General Store.
 12834 | D:11     | Reached skill level 9 in Stealth
 12935 | D:11     | Gained mutation: You have an increased reservoir of magic (+10% MP). [mutagenic meat]
 12951 | D:11     | Reached skill level 5 in Invocations
 13002 | D:11     | Found a staircase to the Orcish Mines.
 13059 | D:11     | Noticed a hill giant
 13070 | D:11     | Killed a hill giant
 13070 | D:11     | Reached skill level 5 in Spellcasting
 13203 | D:11     | Found Ytuyru's Magic Scroll Shoppe.
 13983 | D:11     | Bought 3 scrolls of enchant armour for 292 gold pieces
 14117 | D:12     | Reached skill level 5 in Evocations
 14535 | D:12     | Noticed a giant orange brain
 14535 | D:12     | a faun changed into a giant orange brain
 14536 | D:12     | Noticed Erica
 14543 | D:12     | Noticed a lindwurm
 14543 | D:12     | a giant orange brain changed into a lindwurm
 14547 | D:12     | Noticed a swamp dragon
 14547 | D:12     | a lindwurm changed into a swamp dragon
 14556 | D:12     | Noticed an unseen horror
 14557 | D:12     | Killed an unseen horror
 14562 | D:12     | Noticed a fire crab
 14562 | D:12     | a boring beetle changed into a fire crab
 14567 | D:12     | a fire crab changed into a hippogriff
 14742 | D:12     | Noticed an ettin
 14749 | D:12     | Killed an ettin
 14768 | D:12     | Killed Erica
 14768 | D:12     | Reached XP level 12. HP: 48/72 MP: 26/26
 15043 | D:12     | Gained mutation: Your mind is acute. (Int +2) [potion of mutation]
 15049 | D:12     | Noticed an ettin
 15068 | D:12     | Killed an ettin
 15068 | D:12     | Reached skill level 10 in Stealth
 15266 | D:12     | Lost mutation: Your mind is acute. (Int +2) [potion of mutation]
 15266 | D:12     | Gained mutation: Your wings are large and strong. [potion of mutation]
 15266 | D:12     | Gained mutation: You are partially covered in thin metallic scales (AC +2). [potion of mutation]
 15312 | D:12     | Learned a level 1 spell: Magic Dart
 15329 | D:12     | Reached skill level 5 in Bows
 15517 | D:12     | Noticed a hill giant
 15526 | D:12     | Killed a hill giant
 15821 | D:12     | Noticed a seven-headed hydra
 15846 | D:12     | Drew Focus: Str increased to 22, Dex decreased to 9
 15855 | D:12     | Killed a seven-headed hydra
 16430 | D:12     | Noticed a hill giant
 16443 | D:12     | Killed a hill giant
 16479 | D:12     | Reached skill level 5 in Dodging
 16930 | D:13     | Found a labyrinth entrance.
 16940 | Lab      | Entered a labyrinth
 17115 | Lab      | Noticed a minotaur
 17137 | Lab      | Killed a minotaur
 17264 | Lab      | Identified Dapecwucs' Almanac of Damage Dealing (You found it in a labyrinth)
 17270 | Lab      | Learned a level 1 spell: Shock
 17306 | D:13     | Learned a level 2 spell: Searing Ray
 17359 | D:13     | Noticed a centaur warrior
 17431 | D:13     | Killed a centaur warrior
 17431 | D:13     | Reached skill level 1 in Conjurations
 17610 | D:13     | Noticed Nergalle
 17766 | D:13     | Noticed a spectral orc warlord
 17774 | D:13     | Killed Nergalle
 17957 | D:13     | Noticed a five-headed hydra
 18045 | D:13     | Reached skill level 11 in Stealth
 18255 | D:13     | Reached XP level 13. HP: 67/78 MP: 29/29
 18378 | D:13     | Killed a five-headed hydra
 18519 | D:13     | Gained mutation: You are mostly covered in thin metallic scales (AC +3). [mutagenic meat]
 18520 | D:13     | Gained mutation: You are frail (-10% HP). [mutagenic meat]
 18521 | D:13     | Gained mutation: You are very frail (-20% HP). [mutagenic meat]
 18800 | D:14     | Learned a level 3 spell: Dazzling Spray
 18899 | D:14     | Found Mezimas' Antique Weapon Emporium.
 19388 | D:14     | Reached skill level 1 in Hexes
 19644 | D:14     | Reached skill level 1 in Air Magic
 20297 | D:14     | Noticed a vault guard
 20315 | D:14     | Killed a vault guard
 20368 | D:14     | Found a gate to the Vaults.
 20378 | D:14     | Identified a scroll of acquirement
 20661 | D:15     | Entered Level 15 of the Dungeon
 20674 | D:15     | Reached skill level 5 in Conjurations
 20892 | D:15     | Got a thick robe
 20903 | D:15     | Identified the +2 robe of Noon {-Cast rElec rN+ MP+9} (You found it on level 15 of the Dungeon)
 20915 | D:15     | Found a shimmering altar of Xom.
 20978 | D:15     | Lost mutation: Your wings are large and strong. [mutagenic meat]
 20979 | D:15     | Gained mutation: You expend magic power (3 MP) to slightly strengthen your wands. [mutagenic meat]
 20980 | D:15     | Gained mutation: Your flesh is cold resistant. [mutagenic meat]
 20989 | D:15     | Lost mutation: You are very frail (-20% HP). [mutagenic meat]
 20990 | D:15     | Lost mutation: Your flesh is cold resistant. [mutagenic meat]
 21050 | D:15     | Gained mutation: Your wings are large and strong. [gargoyle growth]
 21050 | D:15     | Reached XP level 14. HP: 70/75 MP: 30/30
 21123 | D:15     | Found a staircase to the Depths.
 21996 | D:14     | Bought a polished long sword for 212 gold pieces
 22000 | D:14     | Identified the cursed -2 long sword of Infinity {slice, +Inv MP-9 Dex+7} (You bought it in a shop on level 14 of the Dungeon)
 22009 | D:14     | Learned a level 3 spell: Static Discharge
 22014 | D:14     | Learned a level 4 spell: Iskenderun's Mystic Blast
 22061 | Depths:1 | Entered Level 1 of the Depths
 22061 | Depths:1 | Noticed Nikola
 22061 | Depths:1 | Noticed an emperor scorpion
 22111 | D:15     | Gained mutation: You have difficulty communicating with the divine. [mutagenic glow]
 22125 | D:15     | HP: 3/75 [emperor scorpion (7)]
 22129 | D:15     | Lost mutation: Armour fits poorly on your strangely shaped body. [helix card]
 22496 | Orc:1    | Entered Level 1 of the Orcish Mines
 22725 | D:11     | Bought a scroll of remove curse for 39 gold pieces
 22725 | D:11     | Bought a scroll of enchant armour for 97 gold pieces
 22725 | D:11     | Bought a scroll of identify for 26 gold pieces
 22725 | D:11     | Bought a scroll of identify for 26 gold pieces
 22725 | D:11     | Bought a scroll of enchant weapon for 97 gold pieces
 23012 | Orc:1    | Found Schoczuigh's Food Shop.
 23757 | Orc:3    | Found a staircase to the Elven Halls.
 24169 | Orc:3    | Reached skill level 1 in Long Blades
 24249 | Orc:3    | Found Nirapeaz's Jewellery Shop.
 24575 | Orc:4    | Entered Level 4 of the Orcish Mines
 24838 | Orc:4    | Paralysed by an orc sorcerer for 4 turns
 24944 | Orc:4    | Noticed a stone giant
 24977 | Orc:4    | Slain by a stone giant

Action                   |  1- 3 |  4- 6 |  7- 9 | 10-12 | 13-15 || total
-------------------------+-------+-------+-------+-------+-------++-------
Melee: Flail             |   124 |   450 |   316 |   624 |   325 ||  1839
       Long sword        |       |       |       |       |   121 ||   121
 Fire: Blowgun           |       |       |   109 |   165 |    17 ||   291
       Shortbow          |       |       |       |   217 |       ||   217
       Longbow           |       |       |       |    37 |   337 ||   374
Throw: Tomahawk          |       |       |       |     2 |       ||     2
       Throwing net      |       |       |       |     1 |     1 ||     2
       Javelin           |       |       |       |    10 |       ||    10
 Cast: Magic Dart        |       |       |       |       |     1 ||     1
       Static Discharge  |       |       |       |       |     1 ||     1
Invok: Shadow Step       |       |     1 |       |       |       ||     1
 Abil: Evoke Invisibilit |       |       |       |       |     3 ||     3
Evoke: Wand              |       |       |     5 |     2 |     9 ||    16
       Box of beasts     |       |       |       |     3 |       ||     3
       Deck              |       |       |       |     2 |     1 ||     3
  Use: Scroll            |     2 |     9 |     9 |    16 |    13 ||    49
       Potion            |       |     7 |     9 |    18 |    11 ||    45
 Stab: Sleeping          |       |       |     9 |    26 |    12 ||    47
       Confused          |       |       |     1 |       |       ||     1
       Distracted        |       |       |     1 |     4 |       ||     5
       Invisible         |       |       |       |     3 |     5 ||     8
       Held in net/web   |       |       |       |     1 |       ||     1
  Eat: Chunk             |       |     9 |     5 |     9 |    15 ||    38
       Beef jerky        |       |     1 |       |     1 |       ||     2
       Bread ration      |       |     1 |       |     2 |     2 ||     5
       Pizza             |       |       |     1 |     5 |     5 ||    11
       Fruit             |       |       |     1 |     7 |     2 ||    10
       Royal jelly       |       |       |     1 |       |     1 ||     2
       Meat ration       |       |       |     1 |     1 |       ||     2
